 Dungeon Crawl Stone Soup version 0.28.0-53-g5a82cb258f (webtiles) character file.

Game seed: 5976367334418521261

46 ILmort the Chopper (level 3, -1/33 HPs)
             Began as a Hill Orc Fighter on Aug 2, 2022.
             Succumbed to an adder's poison
             ... on level 1 of the Dungeon.
             The game lasted 00:07:47 (1094 turns).

ILmort the Chopper (Hill Orc Fighter)               Turns: 1094, Time: 00:07:48

Health: -1/33      AC:  9    Str: 20    XL:     3   Next: 66%
Magic:  3/3        EV:  5    Int:  8    God:
Gold:   59         SH:  8    Dex: 10    Spells: 2/2 levels left

rFire   . . .      SeeInvis .   a - +0 war axe
rCold   . . .      Faith    .   j - +0 kite shield
rNeg    . . .      Spirit   .   i - +0 chain mail
rPois   .          Reflect  .   (no helmet)
rElec   .          Harm     .   (no cloak)
rCorr   .          Rampage  .   (no gloves)
Will    .....                   (no boots)
Stlth   ..........              e - amulet of the acrobat
HPRegen 0.11/turn               (no ring)
MPRegen 0.08/turn               (no ring)

@: lethally poisoned (-1 -> -6)
A: no striking features
a: no special abilities


You were on level 1 of the Dungeon.
You visited 1 branch of the dungeon, and saw 2 of its levels.

You collected 59 gold pieces.

Inventory:

Hand Weapons
 a - a +0 war axe (weapon)
Armour
 b - a +0 scale mail
 c - a +0 buckler
 i - a +0 chain mail (worn)
 j - a +0 kite shield (worn)
Jewellery
 e - an amulet of the acrobat (around neck)
Potions
 d - 2 potions of might
 f - a potion of heal wounds
 g - a potion of cancellation {unknown}
 h - a potion of attraction {unknown}


   Skills:
 - Level 4.0 Fighting
 + Level 4.1 Axes
 - Level 3.6 Armour
 - Level 3.6 Shields


You had 2 spell levels left.
You didn't know any spells.
Your spell library was empty.

Dungeon Overview and Level Annotations

Branches:
Dungeon (2/15)

Altars:


Message History

The ball python bites you but does no damage.
You block the ball python's attack.
A rat comes into view.
The adder completely misses you. The adder bites you but does no damage.
You block the gnoll's attack. The adder barely misses you.
The gnoll completely misses you. The gnoll closely misses you.
The adder misses you. The ball python barely misses you.
The ball python misses you. You block the ball python's attack.
The ball python barely misses you. The adder bites you but does no damage.
The rat completely misses you. You block the rat's attack.
The gnoll misses you. The adder misses you.
There is a stone staircase leading up here.
The adder bites you but does no damage. The gnoll barely misses you.
The rat barely misses you.
The gnoll hits you from afar with a +0 spear.
* * * LOW HITPOINT WARNING * * *
You block the ball python's attack. The ball python grabs you.
You stop ascending the stairs.
The ball python constricts you.
You escape the ball python's grasp.
The adder bites you but does no damage. You block the gnoll's attack.
You block the rat's attack. The gnoll hits you but does no damage.
The ball python barely misses you. You block the ball python's attack.
The adder bites you but does no damage.
You climb upwards.
There is a stone staircase leading down here.
You hit the rat.
You kill the rat!
You hit the adder. You slash the ball python!
You kill the ball python!
The adder bites you.
* * * LOW HITPOINT WARNING * * *
You are lethally poisoned!
The adder poisons you! The adder bites you.
* * * LOW HITPOINT WARNING * * *
You slash the adder!
You kill the adder!
You die...

###### .....##
...[..## #######
.......# #.....#
.......# #†....#
.......#########@....#
.................†...#
.......#########.....#
...............#.....#
...........#'#.#.....#
.....#.....#.#.......#
##.###....##.##.####.#
#.###....+8.8+.# #.#
#..##....#...### #.#


There were no monsters in sight!

Vanquished Creatures
  A gnoll (D:2)
  An adder (D:1)
  3 endoplasms (D:1)
  2 giant cockroaches (D:1)
  A goblin (D:2)
  4 hobgoblins
  2 jackals (D:2)
  2 kobolds (D:1)
  3 quokkas (D:1)
  3 ball pythons (D:1)
  6 bats
  2 frilled lizards (D:2)
  3 rats
33 creatures vanquished.

Vanquished Creatures (others)
  3 plants (D:1)
  7 withered plants (D:1)
10 creatures vanquished.

Grand Total: 43 creatures vanquished

Notes
Turn   | Place    | Note
-------+----------+-------------------------------------------
     0 | D:1      | ILmort the Hill Orc Fighter began the quest for the Orb.
     0 | D:1      | Reached XP level 1. HP: 19/19 MP: 1/1
    50 | D:1      | Reached XP level 2. HP: 9/27 MP: 2/2
   399 | D:1      | Found a faded altar of an unknown god.
   643 | D:1      | Reached XP level 3. HP: 31/33 MP: 3/3
  1093 | D:1      | HP: 1/33 [adder (2)]
  1094 | D:1      | Succumbed to an adder's poison

Illustrated notes

Levels and vault maps discovered:
D:1:      wander_arrival_chamber, layout_rooms,
          shapermc_ecumenical_altar_flowoftime, minmay_pentomino_v2
D:2:      layout_rooms, basic_altar, kennysheep_generic_room_16, uniq_terence

Skill      XL: |  1  2  3 |
---------------+----------+-----
Axes           | 3 4 |  4.1
Fighting       | 4 |  4.0
Armour         | |  3.6
Shields        | |  3.6

Action                   || total
-------------------------++-------
Melee: War axe           ||   100
  Use: Scroll            ||     3
Armor: Scale mail        ||    65
       Chain mail        ||    17
Dodge: Dodged            ||    92
Block: Buckler           ||    29
       Kite shield       ||    17
